 Dungeon Sprint DCSS version 0.21-a0-396-ga924934 (webtiles) character file.

0 Biabri the Conjurer (level 2, -1/15 HPs)
             Began as a Deep Elf Conjurer on Oct 19, 2017.
             Was an Initiate of Vehumet.
             Slain by a phantom (6 damage)
             ... in the Dungeon (Sprint VI: "Thunderdome").
             The game lasted 00:00:59 (84 turns).

Biabri the Conjurer (Deep Elf Conjurer)               Turns: 84, Time: 00:01:00

Health: -1/15      AC:  2    Str:  5    XL:     2   Next: 3%
Magic:  1/8        EV: 13    Int: 19    God:    Vehumet [......]
Gold:   200        SH:  0    Dex: 15    Spells: 7/8 levels left

rFire    . . .     SeeInvis .   (no weapon)
rCold    . . .     Gourm    .   (no shield)
rNeg     . . .     Faith    .   a - +0 robe
rPois    .         Spirit   .   (no helmet)
rElec    .         Reflect  .   (no cloak)
rCorr    .         Harm     .   (no gloves)
MR       .....     NoTele   +   (no boots)
Stlth    ++........             (no amulet)
HPRegen  0.05/turn              (no ring)
MPRegen  0.11/turn              (no ring)

@: no status effects
A: no striking features
a: Renounce Religion


You were in the Dungeon.
You worshipped Vehumet.
Vehumet was noncommittal.
You were not hungry.

You visited 1 branch You collected 200 gold pieces.

Inventory:

Armour
 a - a +0 robe (worn)
Wands
 k - a wand of acid (5/15)
 l - a wand of iceblast (5/15)
Scrolls
 i - 4 scrolls of blinking
 m - 3 scrolls of fog
Potions
 e - 4 potions of heal wounds
 f - 4 potions of haste
 g - 2 potions of magic
 h - a potion of berserk rage
 j - a potion of resistance
Books
 b - a book of Conjurations

   Spells                             Type                      Level
   a - Magic Dart                     Conjuration                  1
   b - Searing Ray                    Conjuration                  2
   c - Dazzling Spray                 Conjuration/Hexes            3
   d - Fulminant Prism                Conjuration/Hexes            4
   e - Force Lance                    Conjuration/Translocation    4
   f - Iskenderun's Mystic Blast      Conjuration                  4
Comestibles
 c - a bread ration


   Skills:
 + Level 2.6 Dodging
 + Level 2.5 Stealth
 * Level 3.5 Spellcasting
 * Level 6.0 Conjurations


You had 7 spell levels left.
You knew the following spells:

 Your Spells              Type           Power        Failure   Level  Hunger
a - Magic Dart            Conj           ####         1%          1    None


Dungeon Overview and Level Annotations

Branches:
Dungeon (1/1)

Altars:
Cheibriados
Dithmenos
Gozag
Okawaru
Qazlal
Sif Muna
Trog
Vehumet
Yredelemnul
Jiyva

Shops:
D *[%??:(


Message History

Press: ? - help, Shift-Dir - straight line, f/p - phantom
Aim: a phantom (moderately damaged)
The magic dart hits the phantom.
The phantom is heavily damaged.
Casting: Magic Dart
Confirm with . or Enter, or press ? or * to list all spells.
Aiming: Magic Dart
Press: ? - help, Shift-Dir - straight line, f/p - phantom
Aim: a phantom (heavily damaged)
The magic dart hits the phantom.
The phantom is heavily damaged.
Casting: Magic Dart
Confirm with . or Enter, or press ? or * to list all spells.
Aiming: Magic Dart
Press: ? - help, Shift-Dir - straight line, f/p - phantom
Aim: a phantom (heavily damaged)
The magic dart hits the phantom.
The phantom is heavily damaged.
The phantom hits you.
You die...

##.....## ##∩.....∩##
#∩.......∩# #_......._#
#_......._# #_........#
###.........###
#⌠...........⌠#
######.8....@W...8.###
#∩___......###......__
#∩........8.# #.8......
#.............###........
#⌠..........###...###.....
#⌠..........# #.<.# .....
#⌠..........# #...# ....
##.............###........
###∩........8. .8......


You could see a phantom.

Vanquished Creatures
  An adder (D)
1 creature vanquished.

Notes
Turn   | Place    | Note
-------+----------+-------------------------------------------
     0 | D        | Biabri the Deep Elf Conjurer began the quest for the Orb.
     0 | D        | Reached XP level 1. HP: 10/10 MP: 6/6
     4 | D        | Found a bloodstained altar of Trog.
     5 | D        | Found a stormy altar of Qazlal.
     5 | D        | Found a basalt altar of Yredelemnul.
     5 | D        | Round 1.
     6 | D        | Found a deep blue altar of Sif Muna.
     6 | D        | Found an iron altar of Okawaru.
     7 | D        | Found an opulent altar of Gozag.
     7 | D        | Found a snail-covered altar of Cheibriados.
     7 | D        | Found Ecvux's Staff Store.
     7 | D        | Found Ripsiore's Magic Scroll Shop.
     8 | D        | Found Ebaored's Must-Have Magic.
     8 | D        | Found Axzec's Magic Scroll Shop.
    11 | D        | Found a radiant altar of Vehumet.
    12 | D        | Found a shadowy altar of Dithmenos.
    13 | D        | Found a viscous altar of Jiyva.
    15 | D        | Found Ziapniv's Bee Food.
    16 | D        | Found Emeuzomm's Jewellery.
    16 | D        | Found Suwiocof's Advanced Armour.
    22 | D        | Became a worshipper of Vehumet
    29 | D        | Reached skill level 6 in Conjurations
    29 | D        | Reached XP level 2. HP: 7/15 MP: 3/8
    78 | D        | Noticed a phantom
    84 | D        | Slain by a phantom

Vault maps used:
D:        arena_sprint

Skill      XL: |  1 |
---------------+----+-----
Conjurations   | 6 |  6.0
Dodging        | |  2.6
Stealth        | |  2.5
Spellcasting   | |  3.5

Action                   || total
-------------------------++-------
 Cast: Magic Dart        ||    10
  Use: Potion            ||     1
Dodge: Dodged            ||     4

Table legend:
 A = Spawn XP
 B = Non-spawn XP
 C = Spawn XP percentage of total XP
 D = Spawn monster count
 E = Non-spawn monster count
 F = Spawn count percentage of total count
 G = Total turns spent on level
                    A         B        C        D         E        F      G
               +---------+---------+-------+---------+---------+-------+---------
         Total |       0 |      13 |   0.0 |       0 |       1 |   0.0 |    84
               +---------+---------+-------+---------+---------+-------+---------
             D |       0 |      13 |   0.0 |       0 |       1 |   0.0 |    84
               +---------+---------+-------+---------+---------+-------+---------
